 Dungeon Crawl Stone Soup version 0.22.1-5-g62c59d919a (webtiles) character file.

54848 Grim the Fencer (level 14, -1/127 HPs)
             Began as a Minotaur Berserker on Jan 8, 2019.
             Was a High Priest of Trog.
             Slain by a basilisk (3 damage)
             ... on level 6 of the Lair of Beasts.
             The game lasted 00:57:42 (23739 turns).

Grim the Fencer (Minotaur Berserker)               Turns: 23739, Time: 00:57:43

Health: -1/127     AC: 21    Str: 26    XL:     14   Next: 36%
Magic:  20/20      EV:  2    Int: 12    God:    Trog [*****.]
Gold:   1216       SH:  0    Dex: 15    Spells: 13/13 levels left

rFire    . . .     SeeInvis +   S - +0 scimitar of Racsawuk {drain, +Blink Str+3}
rCold    . . .     Gourm    .   (no shield)
rNeg     + + +     Faith    .   O - +0 plate armour
rPois    ∞         Spirit   .   (helmet unavailable)
rElec    .         Reflect  .   P - +2 cloak
rCorr    .         Harm     .   m - +0 pair of gloves
MR       +....                  N - +0 pair of boots {run}
Stlth    ..........             (no amulet)
HPRegen  0.31/turn              y - ring of see invisible
MPRegen  0.17/turn              T - +5 ring of intelligence

@: petrified, quick
A: retaliatory headbutt, horns 3, thin skeletal structure 1, agile 1
a: Berserk, Trog's Hand, Brothers in Arms, Renounce Religion, Evoke Blink


You were on level 6 of the Lair of Beasts.
You worshipped Trog.
Trog was extremely pleased with you.
You were not hungry.

You visited 2 branches of the dungeon, and saw 19 of its levels.
You also visited: Labyrinth and Ossuary.

You collected 1570 gold pieces.
You spent 354 gold pieces at shops.

Inventory:

Hand Weapons
 h - a +2 triple sword of slicing
 i - a +3 antimagic great sword
 x - the +10 quarterstaff "Ochyr" {freeze, rPois rF+ Dex+3}
   (Trog gifted it to you on level 6 of the Lair of Beasts)

   It has been specially enchanted to freeze those struck by it, causing extra
   injury to most foes and up to half again as much damage against particularly
   susceptible opponents.
   It can also slow down cold-blooded creatures.
   It affects your dexterity (+3).
   It protects you from fire.
   It protects you from poison.
 L - a +0 scimitar
 S - the +0 scimitar of Racsawuk (weapon) {drain, +Blink Str+3}
   (You found it on level 5 of the Lair of Beasts)

   A truly terrible weapon, it drains the life of those it strikes.
   It affects your strength (+3).
   It lets you blink.
 W - a +4 shortbow of velocity
Missiles
 g - 5 throwing nets (quivered)
 Q - 8 javelins of penetration
 X - 59 arrows
 Y - 16 javelins
Armour
 m - a +0 pair of gloves (worn)
 N - a +0 pair of boots of running (worn)
 O - a +0 plate armour (worn)
 P - a +2 cloak (worn)
Jewellery
 e - an uncursed ring of magical power
 y - a ring of see invisible (left hand)
 T - a +5 ring of intelligence (right hand)
Wands
 n - a wand of digging (33)
 t - a wand of acid (4)
 w - a wand of polymorph (41)
 B - a wand of paralysis (25)
 C - a wand of iceblast (14)
 D - a wand of disintegration (9)
 K - a wand of flame (50)
 U - a wand of random effects (23)
Scrolls
 a - 4 scrolls of enchant armour
 f - 5 scrolls of remove curse
 j - 4 scrolls of enchant weapon {unknown}
 k - 9 scrolls of teleportation
 l - a scroll of blinking
 s - 3 scrolls of noise {unknown}
 z - 3 scrolls of random uselessness {unknown}
 A - a scroll of summoning {unknown}
 E - 4 scrolls of fear {unknown}
 H - 3 scrolls of magic mapping {unknown}
 J - 2 scrolls of immolation {unknown}
 V - a scroll of vulnerability {unknown}
 Z - 3 scrolls of fog {unknown}
Potions
 b - a potion of berserk rage
 d - a potion of agility
 o - 12 potions of heal wounds
 p - 4 potions of haste
 q - 7 potions of lignification
 r - 4 potions of curing
 u - 4 potions of cancellation
 v - 3 potions of flight
 F - 4 potions of magic
 G - 2 potions of mutation
 I - 2 potions of brilliance
 M - a potion of might
Miscellaneous
 R - a fan of gales
Comestibles
 c - 29 rations


   Skills:
 * Level 12.8 Fighting
 + Level 17.8 Long Blades
 - Level 11.5 Armour
 - Level 10.6 Dodging
 - Level 10.0 Evocations


You had 13 spell levels left.
You didn't know any spells.
Your spell library was empty.

Dungeon Overview and Level Annotations

Branches:
Dungeon (13/15)            Temple (0/1) D:5            Lair (6/6) D:10
 Shoals (0/4) Lair:4        Snake (0/4) Lair:3        Slime (0/5) Lair:6
    Orc (0/2) D:10
 Vaults: D:13-14

Altars:
Dithmenos
Elyvilon
Fedhas
Hepliaklqana
Makhleb
Qazlal
Trog
Uskayaw
Vehumet
Wu Jian
Yredelemnul
Jiyva

Shops:
D:4 :   D:5 ?   D:6 :   D:10 [

Annotations:
Lair:6 2 runed doors


Innate Abilities, Weirdness & Mutations

You reflexively headbutt those who attack you in melee.
You have a pair of large horns on your head.
You have a somewhat thin skeletal structure. (Dex +2, Stealth)
You are agile. (Dex +2)


Message History

* * * LOW HITPOINT WARNING * * *
The basilisk gazes at you.
You easily resist.
The komodo dragon hisses menacingly.
The komodo dragon bites you.
* * * LOW HITPOINT WARNING * * *
The molten gargoyle hits you but does no damage.
The basilisk gazes at you.
You easily resist.
The komodo dragon bites you!!
* * * LOW HITPOINT WARNING * * *
The molten gargoyle hits you with a morningstar!
* * * LOW HITPOINT WARNING * * *
You are engulfed in flames!
* * * LOW HITPOINT WARNING * * *
The basilisk bites you.
* * * LOW HITPOINT WARNING * * *
The komodo dragon bites you!
* * * LOW HITPOINT WARNING * * *
The basilisk bites you!
You die...

.......# ####.....#8#8#
≈ .......#
#8#.........## #≈
.......# #
##..........8##§§
.......# ≈§##
#8....#.......§§#
......## ≈≈≈#
##.....#.....#§§§≈
.....##
###≈≈##.....#≈.....#§≈≈≈
....##
§§≈≈≈§###...≈§§..#†..##§
....#
#≈≈≈#§§#≈§§§###≈...#≈
....#
#9@.§§≈..§≈≈§§≈##†.
...##
#lll#§≈.######≈§#...
...#
....###≈.##...$##§§...
...# #8.... #≈§#..
.$?#≈§§.. ...# ##...
.l.+. ./#≈≈≈.) ...#
#.... ...+. #≈≈≈.. ...#
.... ≈≈#.. #≈≈≈.. ...##
.... #.. ##≈≈... ....#
######≈≈....


You could see a komodo dragon, 2 basilisks and a molten gargoyle.

Vanquished Creatures
  Gastronok (D:9)
  The ghost of Brecoman the Fighter, a journeyman DrCj of Makhleb (Lair:6)
  A minotaur (Lab)
  A fire dragon (Lair:6)
  A hydra (Lair:6)
  A two-headed ogre (D:10)
  A death yak (Lair:5)
  Sonja (Lair:3)
  Nergalle (D:10)
  A phantasmal warrior (D:13)
  2 lindwurms (Lair:6)
  Pikel (D:5)
  An ugly thing (D:11)
  3 cyclopes (D:11)
  A merfolk siren (Lair:4)
  2 molten gargoyles (Lair:6)
  6 black mambas
  A centaur zombie (D:12)
  6 spiny frogs
  A gargoyle (D:12)
  A torpor snail (Lair:4)
  Psyche (D:9)
  7 komodo dragons
  A centaur skeleton (D:12)
  9 rime drakes
  A troll (D:12)
  A polar bear (Lair:6)
  A merfolk (Lair:4)
  2 hornets (D:11)
  13 blink frogs
  5 dream sheep (Lair:4)
  8 hippogriffs
  A wraith (D:12)
  2 shadows
  50 yaks
  2 fire bats (Lair:3)
  A fire elemental (Lair:3)
  6 wyverns
  Grum (Lair:1)
  A wyvern (shapeshifter) (D:12)
  5 basilisks
  7 steam dragons
  3 hungry ghosts
  2 acid dragons
  3 soldier ants
  26 water moccasins
  4 hell hounds (Lair:6)
  Duvessa (D:5)
  10 porcupines
  2 black bears
  3 ice beasts
  2 sky beasts (D:8)
  7 orc warriors
  An eye of draining (D:11)
  A slave (D:5)
  3 phantoms
  4 boggarts (Lair:4)
  3 ogres
  6 crocodiles
  26 wolves
  6 centaurs
  6 big kobolds
  11 bullfrogs
  3 wyvern zombies
  2 wyvern skeletons
  Dowan (D:5)
  4 scorpions
  9 killer bees
  4 wights (D:11)
  2 electric eels (Lair:3)
  2 howler monkeys
  4 crimson imps
  4 lava snakes
  A gnoll shaman (D:7)
  4 jellies
  4 bullfrog zombies
  A quasit (D:12)
  16 orc priests
  4 hounds
  17 orc wizards
  A bullfrog skeleton (D:4)
  An iron imp (D:9)
  5 iguanas
  3 killer bee zombies (Ossuary)
  9 worker ants
  2 hound zombies
  A hound skeleton (D:8)
  10 mummies (Ossuary)
  A howler monkey zombie (Ossuary)
  2 worker ant zombies (Ossuary)
  11 adders
  11 gnolls
  3 shadow imps
  2 oozes
  2 adder zombies (Ossuary)
  3 worms
  6 dart slugs
  9 leopard geckos
  52 orcs
  7 giant cockroaches
  5 goblins
  12 hobgoblins
  12 jackals
  54 kobolds
  4 quokkas
  3 ball pythons
  A ball python zombie (Ossuary)
  4 bats
  4 frilled lizards
  A jackal zombie (Ossuary)
  A leopard gecko skeleton (D:6)
  2 leopard gecko zombies
  5 quokka zombies (Ossuary)
  6 rats
627 creatures vanquished.

Vanquished Creatures (collateral kills)
  2 death yaks (Lair:6)
  4 oklob plants (Lair:5)
  A torpor snail (Lair:6)
  5 yaks
  An orc wizard (D:12)
  A shadow imp (D:12)
  2 orcs (D:12)
  2 plants (Lair:5)
18 creatures vanquished.

Vanquished Creatures (others)
  An iguana (D:5)
  6 fungi
  2 plants (Lair:4)
  4 withered plants (Ossuary)
13 creatures vanquished.

Grand Total: 658 creatures vanquished

Notes
Turn   | Place    | Note
-------+----------+-------------------------------------------
     0 | D:1      | Grim the Minotaur Berserker began the quest for the Orb.
     0 | D:1      | Reached XP level 1. HP: 19/19 MP: 0/0
    23 | D:1      | Reached skill level 4 in Long Blades
   161 | D:1      | Reached XP level 2. HP: 25/26 MP: 1/1
   412 | D:1      | Reached ** piety under Trog
   412 | D:1      | Reached skill level 5 in Long Blades
   429 | D:1      | Reached XP level 3. HP: 15/31 MP: 2/2
   845 | D:2      | Found a stormy altar of Qazlal.
   850 | D:2      | Found a blossoming altar of Fedhas.
  1614 | D:2      | Reached skill level 6 in Long Blades
  1614 | D:2      | Reached XP level 4. HP: 21/39 MP: 3/3
  1975 | D:3      | Reached skill level 7 in Long Blades
  1975 | D:3      | Reached XP level 5. HP: 27/45 MP: 4/4
  2246 | D:3      | Reached skill level 8 in Long Blades
  2251 | D:3      | Reached XP level 6. HP: 36/51 MP: 5/5
  2397 | D:3      | Found a shadowy altar of Dithmenos.
  2649 | D:3      | Found a hide-covered altar of Uskayaw.
  2907 | D:4      | Reached *** piety under Trog
  3054 | D:4      | Reached skill level 9 in Long Blades
  3382 | D:4      | Found Ditukeci's Book Shop.
  3669 | D:4      | Reached XP level 7. HP: 45/58 MP: 6/6
  4015 | D:4      | Reached **** piety under Trog
  4015 | D:4      | Reached skill level 10 in Long Blades
  4061 | D:4      | Reached skill level 5 in Fighting
  4620 | D:5      | Entered Level 5 of the Dungeon
  4642 | D:5      | Noticed a hungry ghost
  4644 | D:5      | Noticed Dowan
  4793 | D:5      | Found a staircase to the Ecumenical Temple.
  4796 | D:5      | Reached XP level 8. HP: 46/73 MP: 7/7
  5768 | D:5      | Found Haecot's Magic Scroll Shoppe.
  5780 | D:5      | Bought a scroll of identify for 26 gold pieces
  5780 | D:5      | Bought 3 scrolls of identify for 78 gold pieces
  5780 | D:5      | Bought a scroll of identify for 26 gold pieces
  5780 | D:5      | Bought a scroll of identify for 26 gold pieces
  5783 | D:5      | Gained mutation: You tend to lose your temper in combat.
                  | [potion of mutation]
  5783 | D:5      | Gained mutation: You are agile. (Dex +2) [potion of
                  | mutation]
  5783 | D:5      | Gained mutation: You are very agile. (Dex +4) [potion of
                  | mutation]
  5836 | D:5      | Noticed Duvessa
  5843 | D:5      | Killed Dowan
  5848 | D:5      | Killed Duvessa
  5943 | D:5      | Noticed Pikel
  5961 | D:5      | Killed Pikel
  5961 | D:5      | Reached XP level 9. HP: 67/89 MP: 8/8
  6359 | D:5      | Found a basalt altar of Yredelemnul.
  6446 | D:5      | Found a white marble altar of Elyvilon.
  6638 | D:6      | Found Lyid's Book Shop.
  7494 | D:6      | Found a bloodstained altar of Trog.
  7874 | D:7      | Reached skill level 5 in Armour
  7965 | D:7      | Lost mutation: You tend to lose your temper in combat.
                  | [potion of mutation]
  7965 | D:7      | Lost mutation: You are very agile. (Dex +4) [potion of
                  | mutation]
  7965 | D:7      | Gained mutation: You have a pair of large horns on your
                  | head. [potion of mutation]
  7965 | D:7      | Gained mutation: You have a somewhat thin skeletal
                  | structure. (Dex +2, Stealth) [potion of mutation]
  8019 | D:7      | Reached skill level 5 in Dodging
  8085 | D:7      | Found a sand-covered staircase.
  8090 | Ossuary  | Entered an ossuary
  8106 | Ossuary  | Reached ***** piety under Trog
  8859 | D:7      | Reached XP level 10. HP: 85/96 MP: 9/9
 10252 | D:8      | Found an ornate altar of the Wu Jian Council.
 10339 | D:9      | Found a burning altar of Makhleb.
 10609 | D:9      | Noticed Psyche
 10616 | D:9      | Killed Psyche
 10636 | D:9      | Noticed Gastronok
 10649 | D:9      | Killed Gastronok
 10649 | D:9      | Reached skill level 10 in Armour
 10823 | D:9      | Received a gift from Trog
 10907 | D:9      | Reached XP level 11. HP: 102/102 MP: 10/10
 11251 | D:9      | Found a faded altar of an unknown god.
 11251 | D:9      | Found a radiant altar of Vehumet.
 11263 | D:9      | Reached skill level 10 in Dodging
 11365 | D:9      | Found a faded altar of an unknown god.
 11367 | D:9      | Found a shadowy altar of Dithmenos.
 11368 | D:9      | Found a hazy altar of Hepliaklqana.
 11422 | D:10     | Entered Level 10 of the Dungeon
 11606 | D:10     | Found a staircase to the Lair.
 11606 | D:10     | Noticed Nergalle
 11614 | D:10     | Killed Nergalle
 11988 | D:10     | Found Utivuy's Armour Shop.
 11988 | D:10     | Found a staircase to the Orcish Mines.
 12112 | D:10     | Bought a +2 cloak for 198 gold pieces
 12487 | D:11     | Reached skill level 1 in Evocations
 12790 | D:11     | Noticed a purple ugly thing
 12809 | D:11     | Killed a purple ugly thing
 12809 | D:11     | Reached skill level 11 in Long Blades
 12890 | D:11     | Received a gift from Trog
 13498 | D:10     | Noticed a two-headed ogre
 13507 | D:10     | Killed a two-headed ogre
 13551 | D:10     | Reached skill level 12 in Long Blades
 14439 | D:12     | Reached XP level 12. HP: 110/110 MP: 12/14
 14484 | D:12     | Received a gift from Trog
 14499 | D:12     | Reached skill level 13 in Long Blades
 15154 | D:13     | Noticed a centaur warrior
 15402 | D:13     | Noticed a death knight
 15550 | D:13     | Reached skill level 5 in Evocations
 15840 | Lair:1   | Entered Level 1 of the Lair of Beasts
 16224 | Lair:1   | Noticed Grum
 16234 | Lair:1   | Killed Grum
 16612 | Lair:1   | Reached skill level 14 in Long Blades
 17111 | Lair:2   | Found a labyrinth entrance.
 17120 | Lab      | Entered a labyrinth
 17175 | Lab      | Noticed a minotaur
 17183 | Lab      | Killed a minotaur
 17234 | Lab      | Identified Ydohib's Volume of Feathery Changing
 17239 | Lab      | Identified Sif Muna's Handbook of Igneous Envenoming
 17242 | Lab      | Identified the Handbook of Execration
 17833 | Lair:3   | Noticed Sonja
 17849 | Lair:3   | Reached skill level 15 in Long Blades
 17874 | Lair:3   | Killed Sonja
 18435 | Lair:3   | Found a staircase to the Snake Pit.
 18444 | Lair:3   | Reached XP level 13. HP: 106/116 MP: 17/17
 18956 | Lair:3   | Received a gift from Trog
 19181 | Lair:3   | Reached skill level 16 in Long Blades
 20408 | Lair:4   | Found a staircase to the Shoals.
 20451 | Lair:4   | Reached ****** piety under Trog
 20717 | Lair:5   | Identified a scroll of acquirement
 20734 | Lair:5   | Identified a +0 pair of boots of running (You acquired it
                  | on level 5 of the Lair of Beasts)
 20752 | Lair:5   | Reached skill level 17 in Long Blades
 21153 | Lair:5   | Received a gift from Trog
 21901 | Lair:5   | Got an encrusted scimitar
 21908 | Lair:5   | Identified the cursed +0 scimitar of Racsawuk {drain,
                  | +Blink Str+3} (You found it on level 5 of the Lair of
                  | Beasts)
 21934 | Lair:6   | Entered Level 6 of the Lair of Beasts
 22195 | Lair:6   | Noticed a fire dragon
 22195 | Lair:6   | an eight-headed hydra changed into a fire dragon
 22205 | Lair:6   | Killed a fire dragon
 22312 | Lair:6   | Found a runed gate.
 22312 | Lair:6   | Found a runed gate.
 22312 | Lair:6   | Found a runed gate.
 22474 | Lair:6   | Reached XP level 14. HP: 118/124 MP: 20/20
 22477 | Lair:6   | Reached skill level 10 in Evocations
 22637 | Lair:6   | Found a viscous altar of Jiyva.
 22637 | Lair:6   | Found a staircase to the Slime Pits.
 22810 | Lair:6   | Received a gift from Trog
 22813 | Lair:6   | Got a scorched quarterstaff {god gift}
 22815 | Lair:6   | Identified the +10 quarterstaff "Ochyr" {freeze, rPois rF+
                  | Dex+3} (Trog gifted it to you on level 6 of the Lair of
                  | Beasts)
 23200 | Lair:6   | Noticed Brecoman's ghost (journeyman DrCj)
 23229 | Lair:6   | Killed Brecoman's ghost
 23724 | Lair:6   | Found a large runed door.
 23724 | Lair:6   | Found a large runed door.
 23738 | Lair:6   | HP: 2/127 [komodo dragon (7)]
 23739 | Lair:6   | Slain by a basilisk

Skill      XL: |  1  2  3  4  5  6  7  8  9 10 11 12 13 14 |
---------------+-------------------------------------------+-----
Long Blades    | 4 5 6 7 8 9 10 12 15 17 | 17.8
Fighting       | 7 11 12 | 12.8
Armour         | 7 10 11 | 11.5
Dodging        | 6 9 10 | 10.6
Evocations     | 4 6 9 10 | 10.0

Action                   |  1- 3 |  4- 6 |  7- 9 | 10-12 | 13-15 || total
-------------------------+-------+-------+-------+-------+-------++-------
Melee: Falchion          |    73 |   162 |   426 |    81 |       ||   742
       Headbutt          |    10 |    37 |   135 |   207 |   162 ||   551
       Scimitar          |       |       |       |   501 |   498 ||   999
Throw: Throwing net      |       |       |       |     1 |       ||     1
Invok: Berserk           |     2 |     6 |     5 |    18 |     8 ||    39
       Trog's Hand       |       |     4 |     2 |     2 |     6 ||    14
       Brothers in Arms  |       |       |       |     2 |     3 ||     5
Evoke: Wand              |       |       |       |     3 |     7 ||    10
       Fan of gales      |       |       |       |     1 |     1 ||     2
  Use: Scroll            |       |       |    11 |     2 |     8 ||    21
       Potion            |       |       |     3 |       |     4 ||     7
 Stab: Distracted        |       |       |     1 |       |       ||     1
       Invisible         |       |       |       |       |     2 ||     2
  Eat: Ration            |     1 |     2 |     2 |     7 |     6 ||    18
       Chunk             |       |     8 |    16 |    26 |     9 ||    59
Armor: Animal skin       |    12 |    23 |    27 |       |       ||    62
       Chain mail        |       |       |    85 |   176 |       ||   261
       Plate armour      |       |       |       |   104 |   227 ||   331
Dodge: Dodged            |    47 |   102 |   187 |   379 |   323 ||  1038
       Rpst.: Falchion   |    14 |    19 |    47 |     8 |       ||    88
       Scimitar          |       |       |       |    89 |    84 ||   173
